Map: Kairos Junction LE

Players

Elazer

  • Race: Zerg Zerg
  • Spawn Location: 5:00

Lambo - Winner!

  • Race: Zerg Zerg
  • Spawn Location: 11:00

Event: IEM Season 13: Katowice (2019)

VOD

Have the link to the VOD?

Description

Time

  • Played on: Feb. 26, 2019, 1:36 p.m.
  • Length: 6:03

All games in this series

Show
View Real Time Build Order
Export as new Build Order

Elazer Zerg 

Build Orders: Hatch First 

Get SALT Encoding   

  12  0:00  Drone  
  13  0:12  Overlord  
  13  0:16  Drone  
  14  0:30  Drone x2  
  16  0:47  Hatchery  
  15  0:50  Drone  
  15  0:53  Drone  
  17  1:07  Spawning Pool  
  17  1:11  Drone  
  17  1:14  Drone  
  17  1:16  Extractor  
  17  1:19  Drone  
  18  1:28  Drone  
  19  1:38  Drone  
  20  1:49  Overlord  
  20  1:54  Queen  
  20  1:59  Queen  
  24  2:02  Drone x2  
  26  2:10  Zergling x2  
  26  2:11  Drone  
  28  2:20  Drone  
  28  2:21  Drone  
  30  2:31  Drone  
  30  2:32  Queen, Drone  
  34  2:40  Hatchery  
  34  2:43  Overlord  
  33  2:46  Drone  
  34  2:59  Overlord  
  34  3:00  Drone  
  34  3:04  Roach Warren  
  34  3:05  Drone x2  
  36  3:10  Drone x2  
  38  3:14  Drone x2  
  38  3:17  Overlord  
  40  3:31  Evolution Chamber, Drone x2  
  40  3:32  Drone  
  40  3:34  Overlord  
  42  3:42  Drone  
  42  3:43  Drone x2  
  42  3:44  Roach  
  42  3:47  Roach  
  49  3:51  Roach  
  49  3:53  Drone  
  49  3:54  Extractor  
  51  3:57  Zerg Missile Weapons Level 1  
  51  3:59  Drone x2  
  51  4:01  Drone  
  53  4:04  Drone x2  
  53  4:08  Overlord  
  53  4:09  Drone  
  56  4:12  Extractor, Drone  
  56  4:15  Drone x2  
  58  4:18  Drone x2  
  58  4:20  Roach  
  58  4:23  Roach  
  65  4:26  Spine Crawler  
  65  4:27  Roach  
  65  4:29  Roach x2  
  72  4:31  Roach  
  72  4:35  Roach  
  72  4:37  Roach x2  
  78  4:43  Roach  
  78  4:45  Spine Crawler  
  79  4:46  Overlord  
  79  4:47  Roach, Extractor  
  80  4:55  Overlord  
  80  5:01  Spine Crawler  
  80  5:04  Roach x2  
  75  5:15  Roach x5  
  75  5:20  Roach, Roach Warren  
  82  5:23  Queen  
  82  5:25  Roach  
  74  5:28  Roach  
  74  5:34  Roach  
  66  5:40  Roach x2  
Show
View Real Time Build Order
Export as new Build Order

Lambo Zerg - Winner!

Build Orders: Hatch First 

Get SALT Encoding   

  12  0:00  Drone  
  13  0:12  Overlord  
  13  0:17  Drone  
  14  0:31  Drone x2  
  16  0:48  Hatchery  
  15  0:51  Drone  
  15  0:54  Drone  
  17  0:58  Drone  
  18  1:09  Extractor  
  17  1:13  Spawning Pool  
  17  1:16  Drone  
  17  1:20  Drone  
  18  1:27  Drone  
  19  1:40  Drone  
  20  1:50  Drone  
  21  1:59  Queen  
  21  2:00  Queen  
  25  2:01  Drone  
  25  2:02  Drone  
  27  2:10  Overlord  
  27  2:11  Drone  
  28  2:29  Drone x2  
  30  2:32  Drone x2  
  32  2:38  Lair  
  32  2:39  Queen  
  32  2:44  Evolution Chamber  
  33  2:46  Overlord  
  33  2:49  Extractor, Drone  
  33  2:59  Drone x2  
  33  3:03  Roach Warren  
  34  3:06  Drone x2  
  34  3:09  Drone x2  
  34  3:10  Drone  
  34  3:12  Zerg Missile Weapons Level 1  
  39  3:19  Queen  
  41  3:26  Overlord  
  41  3:42  Overlord, Glial Reconstitution  
  41  3:44  Roach  
  41  3:47  Roach x3  
  51  3:55  Roach  
  51  4:00  Overlord  
  51  4:01  Roach x2  
  51  4:02  Roach  
  57  4:06  Overlord  
  57  4:07  Roach  
  59  4:16  Overlord  
  59  4:22  Roach x3  
  65  4:25  Roach  
  65  4:27  Overlord  
  65  4:31  Roach  
  69  4:33  Roach  
  69  4:38  Roach  
  73  4:44  Roach  
  75  4:47  Roach  
  75  4:51  Roach  
  79  4:59  Roach  
  81  5:03  Roach  
  83  5:08  Roach  
  83  5:12  Roach  
  87  5:15  Roach  
  87  5:16  Drone  
  87  5:17  Drone  
  87  5:20  Roach  
  89  5:27  Roach  
  87  5:33  Roach x2  
  87  5:40  Roach  

Tags
 
Add a new tag
Caveats
  • Supply blocks, unpowered buildings, or Contaminate may cause inaccurate times.
  • Supply counts are checked every 10 seconds.